Map: Dusk Towers

Players

MCanning - Winner!

  • Race: Protoss Protoss
  • League: Grandmaster

lllllllll

  • Race: Terran Terran
  • League: Master

VOD

http://www.twitch.tv/mcanning/v/33124982

Description

Time

  • Played on: Jan. 2, 2016, 1:39 a.m.
  • Length: 12:33
Show
View Real Time Build Order
Export as new Build Order

MCanning Protoss - Winner!

Build Orders: 1 Gate Expand 

Get SALT Encoding   

  12  0:01  Probe (Chrono Boost)  
  13  0:12  Probe (Chrono Boost)  
  14  0:18  Pylon  
  14  0:22  Probe (Chrono Boost)  
  15  0:36  Probe (Chrono Boost)  
  15  0:41  Gateway  
  16  0:47  Probe (Chrono Boost)  
  17  0:56  Assimilator  
  17  0:57  Probe (Chrono Boost)  
  18  1:08  Probe (Chrono Boost)  
  19  1:19  Nexus  
  19  1:32  Cybernetics Core  
  19  1:34  Probe (Chrono Boost)  
  19  1:38  Assimilator  
  20  1:45  Probe (Chrono Boost)  
  21  1:51  Pylon  
  21  1:55  Probe (Chrono Boost)  
  22  2:06  Probe (Chrono Boost)  
  23  2:12  Adept  
  25  2:17  Mothership Core (Chrono Boost)  
  25  2:19  Warp Gate  
  27  2:32  Probe (Chrono Boost)  
  27  2:35  Probe (Chrono Boost)  
  29  2:41  Probe (Chrono Boost)  
  29  2:42  Adept (Chrono Boost)  
  32  2:45  Probe (Chrono Boost)  
  33  2:52  Probe (Chrono Boost)  
  33  2:58  Probe (Chrono Boost)  
  35  3:03  Probe (Chrono Boost)  
  36  3:08  Probe (Chrono Boost)  
  37  3:14  Probe (Chrono Boost)  
  37  3:19  Probe (Chrono Boost)  
  39  3:22  Nexus  
  39  3:25  Probe (Chrono Boost)  
  39  3:26  Pylon  
  40  3:29  Probe (Chrono Boost)  
  41  3:34  Twilight Council  
  41  3:35  Probe (Chrono Boost)  
  41  3:40  Probe (Chrono Boost)  
  43  3:46  Probe (Chrono Boost)  
  44  3:50  Probe (Chrono Boost)  
  45  3:56  Probe (Chrono Boost)  
  45  3:57  Gateway  
  45  3:58  Gateway  
  45  4:01  Probe (Chrono Boost)  
  45  4:02  Gateway  
  43  4:07  Probe (Chrono Boost)  
  43  4:09  Pylon  
  44  4:11  Probe (Chrono Boost)  
  44  4:13  Blink (Chrono Boost)  
  44  4:16  Probe (Chrono Boost)  
  45  4:19  Assimilator  
  45  4:22  Probe  
  45  4:23  Assimilator  
  47  4:26  Probe  
  48  4:36  Sentry  
  50  4:44  Probe  
  50  4:45  Gateway  
  51  4:48  Gateway, Probe  
  51  4:50  Pylon  
  54  4:54  Probe  
  54  4:56  Gateway x2  
  54  4:59  Sentry x2  
  57  5:01  Probe  
  57  5:05  Probe x2  
  58  5:08  Pylon  
  58  5:13  Probe  
  61  5:16  Probe x2  
  63  5:25  Probe  
  63  5:26  Probe  
  63  5:27  Robotics Facility  
  65  5:28  Probe  
  65  5:29  Forge  
  65  5:30  Forge  
  66  5:37  Stalker x2, Probe  
  71  5:43  Stalker  
  71  5:44  Probe x2  
  71  5:49  Probe (Chrono Boost)  
  76  5:50  Stalker  
  76  5:52  Stalker  
  76  5:56  Probe x2 (Chrono Boost)  
  82  5:58  Pylon  
  82  6:00  Protoss Ground Weapons Level 1, Protoss Ground Armor Level 1  
  82  6:02  Pylon  
  82  6:07  Probe (Chrono Boost)  
  82  6:09  Probe (Chrono Boost)  
  84  6:12  Stalker, Pylon  
  84  6:14  Probe (Chrono Boost)  
  84  6:17  Observer (Chrono Boost)  
  88  6:20  Robotics Bay  
  88  6:23  Probe, Assimilator  
  89  6:28  Assimilator  
  89  6:31  Probe  
  89  6:36  Observer (Chrono Boost)  
  89  6:37  Resonating Glaives  
  91  6:40  Probe  
  91  6:41  Pylon  
  91  6:42  Probe  
  91  6:44  Pylon  
  93  6:49  Stalker x5  
  93  6:50  Probe  
  104  6:55  Probe  
  104  6:58  Pylon  
  104  7:01  Pylon  
  105  7:05  Photon Cannon  
  105  7:06  Photon Cannon  
  105  7:07  Disruptor (Chrono Boost)  
  108  7:12  Photon Cannon  
  108  7:22  Stalker x3  
  114  7:28  Pylon  
  114  7:33  Adept x5  
  124  7:39  Disruptor (Chrono Boost)  
  124  7:43  Nexus  
  127  7:44  Pylon  
  127  7:54  Adept x3  
  127  7:57  Protoss Ground Armor Level 2, Protoss Ground Weapons Level 2  
  133  7:59  Pylon  
  133  8:01  Photon Cannon  
  133  8:03  Photon Cannon  
  133  8:06  Stalker x2  
  133  8:10  Disruptor (Chrono Boost)  
  140  8:22  Pylon  
  140  8:26  Adept x3  
  140  8:27  Adept x2  
  148  8:29  Adept  
  148  8:31  Pylon  
  150  8:39  Cybernetics Core  
  150  8:41  Disruptor (Chrono Boost)  
  151  8:47  Pylon  
  151  8:49  Pylon  
  151  8:51  Pylon  
  151  9:00  Zealot x7  
  151  9:01  Zealot  
  167  9:12  Disruptor (Chrono Boost)  
  167  9:14  Templar Archives  
  170  9:24  Stalker x3  
  172  9:25  Stalker x2  
  180  9:43  Disruptor (Chrono Boost)  
  177  9:52  Sentry x3  
  170  10:07  Adept x5  
  183  10:14  Disruptor (Chrono Boost)  
  154  10:27  Adept  
  135  10:28  Adept x2  
  135  10:29  Adept x2  
  123  10:39  Adept x2  
  123  10:40  Adept  
  110  10:45  Disruptor (Chrono Boost)  
  97  10:51  Zealot  
  97  10:52  Zealot x4  
  97  10:55  Probe  
  94  11:16  Disruptor (Chrono Boost)  
  94  11:17  Adept x4  
  94  11:18  Adept x4  
  107  11:19  Probe x2  
  107  11:20  Probe  
  100  11:36  Probe  
  100  11:38  Probe  
  100  11:39  Probe  
  96  11:47  Disruptor (Chrono Boost)  
  96  11:48  Stalker  
  96  11:49  Stalker x4  
  96  11:51  Probe  
  110  11:57  Stalker  
Show
View Real Time Build Order
Export as new Build Order

lllllllll Terran 

Build Orders: Command Center First (CC), MMM Bio 

Get SALT Encoding   

  12  0:01  SCV  
  13  0:13  SCV  
  14  0:17  Supply Depot  
  14  0:25  SCV  
  15  0:39  SCV  
  16  0:51  SCV  
  17  0:59  Command Center  
  17  1:03  SCV  
  18  1:14  Barracks  
  18  1:17  SCV  
  19  1:28  Barracks  
  19  1:31  SCV  
  20  1:44  Barracks  
  20  1:46  SCV  
  21  2:00  Orbital Command  
  21  2:01  Marine  
  22  2:12  Orbital Command  
  22  2:15  Marine  
  23  2:19  Marine  
  24  2:27  SCV  
  25  2:33  Marine x2  
  27  2:37  Marine  
  27  2:38  SCV  
  27  2:39  SCV  
  30  2:50  SCV, Supply Depot  
  31  2:51  SCV  
  32  2:58  Marine x2  
  32  2:59  Refinery, Marine  
  32  3:00  Refinery  
  32  3:02  SCV  
  32  3:03  SCV  
  37  3:07  Supply Depot  
  37  3:14  SCV  
  37  3:15  SCV  
  37  3:16  Marine x2  
  37  3:17  Marine  
  41  3:26  SCV  
  42  3:29  SCV  
  42  3:33  Command Center  
  43  3:35  Barracks Tech Lab  
  43  3:38  SCV  
  44  3:41  SCV  
  44  3:42  Refinery  
  44  3:44  Refinery  
  44  3:46  Supply Depot  
  45  3:50  SCV  
  45  3:53  SCV  
  45  3:55  Stimpack, Marine  
  46  4:03  Barracks Reactor  
  46  4:04  SCV  
  46  4:06  SCV  
  48  4:11  Engineering Bay  
  48  4:13  Engineering Bay  
  48  4:16  Barracks Reactor, SCV  
  49  4:18  SCV  
  50  4:26  Supply Depot  
  50  4:28  SCV  
  50  4:29  Marine  
  50  4:30  SCV  
  53  4:40  Marine x2  
  53  4:41  SCV  
  53  4:42  SCV  
  53  4:43  Terran Infantry Weapons Level 1, Terran Infantry Armor Level 1  
  53  4:44  Bunker  
  57  4:48  Missile Turret  
  57  4:51  Orbital Command  
  57  4:54  SCV x2  
  57  4:56  Marine x2  
  61  5:01  Factory  
  61  5:04  Marine x2  
  63  5:07  SCV  
  63  5:10  Supply Depot  
  64  5:17  SCV x2  
  64  5:18  Supply Depot  
  64  5:20  Marine x2  
  68  5:22  Marine  
  68  5:23  Marine  
  68  5:25  Orbital Command  
  68  5:27  Marine  
  71  5:39  Barracks  
  71  5:40  Marine x2  
  71  5:41  Barracks  
  73  5:44  Marine x2  
  73  5:45  Marauder  
  73  5:47  SCV x2  
  79  5:50  Factory Reactor  
  79  5:51  Starport  
  79  5:55  SCV  
  80  5:59  SCV x2, Missile Turret, Marine x2  
  80  6:01  Combat Shields  
  84  6:07  Missile Turret  
  84  6:08  Armory  
  84  6:10  SCV  
  86  6:11  SCV x2  
  86  6:15  Marine x2  
  89  6:21  Refinery  
  89  6:22  SCV, Marauder  
  89  6:23  SCV x2  
  89  6:25  Marine x2  
  96  6:31  Barracks Tech Lab  
  96  6:32  Barracks Tech Lab  
  96  6:34  Factory Reactor  
  96  6:35  Supply Depot  
  96  6:36  Supply Depot  
  96  6:37  Marine x2  
  96  6:38  Medivac  
  100  6:43  SCV  
  100  6:45  Supply Depot  
  101  6:48  Supply Depot  
  101  6:56  Terran Infantry Weapons Level 2  
  101  6:57  Supply Depot, Terran Infantry Armor Level 2, SCV x3, Medivac  
  101  6:58  Supply Depot  
  101  7:01  Marine x2  
  108  7:03  Marine x2  
  108  7:06  Marauder x2  
  108  7:08  Concussive Shells  
  114  7:12  Medivac  
  114  7:13  Hellbat  
  114  7:15  Hellbat  
  120  7:21  Supply Depot  
  120  7:22  Marine x2  
  124  7:23  Supply Depot, Marine x2, Marauder  
  124  7:27  SCV  
  124  7:28  SCV x2  
  129  7:30  Marauder x2  
  129  7:34  Ghost Academy  
  133  7:38  Hellbat x2  
  133  7:40  Marine x2  
  133  7:42  Medivac  
  133  7:43  Medivac  
  145  7:44  Marauder  
  145  7:51  Marauder  
  145  7:52  Marauder  
  145  7:54  Marine x2  
  145  7:57  Marine x2  
  153  7:58  Supply Depot  
  153  8:00  Supply Depot x2  
  153  8:04  Supply Depot  
  153  8:05  Marauder, Hellbat x2  
  159  8:13  Marauder x2  
  159  8:15  Supply Depot x2  
  159  8:18  Marine x2  
  165  8:20  Marine x2  
  165  8:25  Medivac x2  
  173  8:27  Marauder  
  173  8:31  Hellbat x2  
  175  8:34  Marauder  
  175  8:37  Marauder  
  175  8:40  Marine x2  
  163  8:41  Marine x2  
  167  8:52  Hellbat  
  167  8:53  Hellbat  
  171  8:57  Command Center  
  171  8:58  Ghost  
  171  8:59  Ghost  
  171  9:00  Medivac x2  
  171  9:02  Ghost  
  179  9:05  Marine x2  
  179  9:06  Marine x2  
  183  9:14  Hellbat x2  
  187  9:22  Barracks  
  187  9:23  Barracks x2, Marine x2  
  187  9:24  Marine x2  
  191  9:27  Marauder  
  191  9:31  SCV x3, Marauder  
  198  9:41  Marauder  
  198  9:43  SCV x3  
  198  9:45  Marine  
  167  9:48  Marauder  
  171  9:52  Marauder  
  171  9:55  SCV  
  169  10:00  Marine x3  
  169  10:01  Widow Mine  
  169  10:03  Marauder, Marine  
  163  10:10  Marauder  
  163  10:12  Marine  
  163  10:13  Marine  
  167  10:17  Marine  
  167  10:20  Marine  
  134  10:24  Marauder  
  134  10:26  Marine x2  
  120  10:31  Marauder  
  120  10:33  Marine x4  
  101  10:46  Marauder  
  101  10:49  Marine x4  
  96  10:53  Medivac  
  96  10:54  Medivac  
  66  11:18  Marine x2  
  66  11:19  Marine x2  
  69  11:30  Medivac x2  
  67  11:36  Marauder x2  
  67  11:37  Marine x2  
  62  11:48  SCV  
  62  11:49  SCV x2  
Tags
 
Add a new tag
Caveats
  • Supply blocks, unpowered buildings, or Contaminate may cause inaccurate times.
  • Supply counts are checked every 10 seconds.